 Dungeon Crawl Stone Soup version 0.16-b1 (webtiles) character file.

20222 Hellisa the Envoy of Void (level 12, -3/91 HPs)
             Began as a Demonspawn Abyssal Knight on Mar 8, 2015.
             Was a High Priest of Lugonu.
             Slain by a death yak (14 damage)
             ... on level 2 of the Lair of Beasts.
             The game lasted 02:25:07 (23187 turns).

Hellisa the Envoy of Void (DsAK)                   Turns: 23187, Time: 02:25:07

Health: -3/91      AC: 18    Str: 20    XL:     12   Next: 43%
Magic:  0/28       EV:  6    Int: 14    God:    Lugonu [*****.]
Gold:   932        SH: 10    Dex: 13    Spells: 0 memorised, 11 levels left

rFire  + . .     SeeInvis +     a - +0 trident (flame)
rCold  + . .     Clarity  .     x - +0 chain mail
rNeg   . . .     SustAb   .     u - +0 shield
rPois  .         Gourm    .     (helmet unavailable)
rElec  .         Spirit   +     j - +0 cloak
rCorr  .         Warding  .     S - +1 pair of gloves of Schamp {Stlth+}
rMut   .         Stasis   .     d - +0 pair of boots
MR     .....                    y - amulet of guardian spirit
Stlth  ..........               Z - +3 ring of strength
                                M - ring of protection from fire

@: not resistant to hostile enchantments, extremely unstealthy
A: antennae 3, yellow scales 2, cold resistance 1, spiny 2, augmentation 1
a: Depart the Abyss, Bend Space, Banish, Corrupt, Enter the Abyss, Renounce
Religion


You were on level 2 of the Lair of Beasts.
You worshipped Lugonu.
Lugonu was extremely pleased with you.
You were not hungry.

You visited 3 branches of the dungeon, and saw 15 of its levels.
You visited the Abyss 1 time.
You also visited: Ice Cave.

You collected 932 gold pieces.

Inventory:

Hand weapons
 a - a +0 trident of flaming (weapon)
 b - a +0 blowgun
 R - a +2 quarterstaff of protection
Missiles
 c - 94 stones (quivered)
 f - 15 arrows of flame
 l - 81 poisoned needles
 s - 9 tomahawks
 F - 4 large rocks
 U - 9 sling bullets
 V - 14 bolts
Armour
 d - a +0 pair of boots (worn)
 j - a +0 cloak (worn)
 u - a +0 shield (worn)
 x - a +0 chain mail (worn)
 S - the +1 pair of gloves of Schamp (worn) {Stlth+}
   (You found it on level 9 of the Dungeon)

   It makes you more stealthy.
Magical staves
 X - an uncursed staff of poison {unknown}
Rods
 P - a +0 rod of clouds (10/10)
   (You took it off an orc on level 12 of the Dungeon)
Jewellery
 q - an uncursed amulet of warding {unknown}
 y - an amulet of guardian spirit (around neck)
 M - a ring of protection from fire (left hand)
 Z - a +3 ring of strength (right hand)
Magical devices
 g - a wand of cold (7)
 H - a wand of teleportation (3)
 T - a wand of random effects (16)
Scrolls
 e - a scroll of torment {unknown}
 h - 3 scrolls of recharging
 i - 14 scrolls of identify
 k - 3 scrolls of magic mapping
 r - 3 scrolls of teleportation
 v - 3 scrolls of enchant armour
 C - a scroll of blinking
 I - 13 scrolls of remove curse
 J - a scroll of fear {unknown}
 L - 3 scrolls of fog {unknown}
 N - a scroll of random uselessness {unknown}
 O - a scroll of brand weapon {unknown}
 Q - a scroll of silence {unknown}
Potions
 n - 2 potions of restore abilities
 o - 2 potions of might
 t - 2 potions of heal wounds
 w - 3 potions of flight
 z - a potion of berserk rage
 B - a potion of cure mutation
 D - 2 potions of resistance {unknown}
 G - 4 potions of haste
 W - 2 potions of lignification {unknown}
Books
 m - a Necronomicon {highlevel, unknown}

   This book is beyond your current level of understanding.

   Spells                             Type                      Level
   a - Haunt                          Necromancy/Summoning         7
   b - Borgnjor's Revivification      Necromancy                   8
   c - Death's Door                   Charms/Necromancy            8
   d - Necromutation                  Transmutation/Necromancy     8
 A - a book of Spatial Translocations

   Spells                             Type                      Level
   a - Apportation                    Translocation                1
   b - Blink                          Translocation                2
   c - Shroud of Golubria             Charms/Translocation         2
   d - Portal Projectile              Translocation                3
   e - Teleport Other                 Translocation                3
   f - Passage of Golubria            Translocation                4
 K - a book of Alchemy

   Spells                             Type                      Level
   a - Sublimation of Blood           Necromancy                   2
   b - Alistair's Intoxication        Transmutation/Poison         4
   c - Condensation Shield            Ice                          4
   d - Petrify                        Transmutation/Earth          4
   e - Ignite Poison                  Fire/Transmutation           5
   f - Irradiate                      Conjuration/Transmutation    5
Comestibles
 p - 3 beef jerkies
 E - a bread ration


   Skills:
 + Level 7.2 Fighting
 - Level 2.0 Maces & Flails
 * Level 12.5 Polearms
 + Level 6.4 Armour
 - Level 0.8 Dodging
 + Level 6.0 Shields
 - Level 13.3 Invocations


You had 11 spell levels left.
You didn't know any spells.

Dungeon Overview and Level Annotations

Branches:
Dungeon (12/15)            Temple (1/1) D:5            Lair (2/8) D:9
    Orc (0/4) D:12

Altars:
Ashenzari
Cheibriados
Dithmenos
Elyvilon
Fedhas
Gozag
Kikubaaqudgha
Makhleb
Nemelex Xobeh
Okawaru
Qazlal
Ru
Sif Muna
Trog
Vehumet
Xom
Yredelemnul
Zin
The Shining One

Shops:
D:11 [

Annotations:
D:9 exclusion: orange crystal statue
D:12 corrupted
Abyss:1 Erica, Erolcha, Eustachio, Gastronok, Pikel


Innate Abilities, Weirdness & Mutations

You have a pair of large antennae on your head (SInv).
You are mostly covered in yellow scales (AC +3).
Your flesh is cold resistant.
You are mostly covered in sharp spines.
Your magical and physical power is slightly enhanced at high health.


Message History

The death yak is severely wounded.
You puncture the death yak! You burn the death yak.
The death yak is almost dead.
The death yak gores you but does no damage.
You hit the death yak but do no damage.
The death yak is almost dead.
The death yak gores you!
* * * LOW HITPOINT WARNING * * *
You hit the death yak. You burn the death yak.
The death yak is almost dead.
The death yak gores you but does no damage.
You hit the death yak but do no damage.
The death yak is almost dead.
You hit the death yak but do no damage.
The death yak is almost dead.
The death yak completely misses you.
You hit the death yak but do no damage.
The death yak is almost dead.
The death yak gores you!!
You die...

##...# #.........#P ##....#
##.....#..### #### ##....P#
#.........# #..###......##
##.........###
#............####.P.........##
#.....####.....##P..........#.
###...## ##...................
##.....#####......##......YY..
#.###.....###@....####........
### ##......†Y.#.## ###......
##.........## ##.....
##......### #..... ##....##
#..... ###..## ##.... #P#.#
##.#. ##### ####


You could see a death yak.

Vanquished Creatures
  5 death yaks
  The ghost of dysrexia the Destroyer, an experienced FeCj of Sif Muna (Lair:2)
  An unseen horror (D:12)
  2 hill giants
  A manticore (D:12)
  An ugly thing (D:11)
  2 cyclopes (D:11)
  Joseph (Lair:1)
  A spiny frog (Lair:2)
  A gargoyle (D:12)
  A fire drake (Lair:2)
  A kobold demonologist (D:11)
  A troll (D:8)
  A hungry ghost (D:7)
  A human (D:7)
  3 hippogriffs
  11 wolves
  A hog (D:7)
  A water moccasin (Lair:1)
  Edmund (D:8)
  2 porcupines
  10 ice beasts
  3 orc warriors (D:12)
  4 phantoms
  5 black bears
  7 ogres
  2 crocodiles
  2 sky beasts
  Duvessa (D:4)
  3 centaurs
  2 big kobolds (D:7)
  A gnoll sergeant (D:5)
  9 giant frogs
  2 wyvern skeletons
  2 electric eels (D:12)
  13 killer bees
  Dowan (D:4)
  A centaur zombie (D:12)
  A giant frog zombie (D:7)
  3 crimson imps
  2 goliath beetles (D:6)
  7 wights
  6 orc priests
  An iguana (Lair:1)
  3 giant frog skeletons
  13 orc wizards
  7 hounds
  2 quasits
  6 worker ants
  Natasha (twice) (D:4)
  2 sheep (D:7)
  A hound zombie (D:5)
  Terence (D:3)
  A worker ant zombie (D:10)
  A hound skeleton (D:7)
  5 gnolls
  18 adders
  2 shadow imps
  5 river rats (Lair:2)
  2 giant mites
  An ufetubus (D:4)
  2 worms
  2 adder zombies
  2 adder skeletons
  6 giant geckos
  An ooze (D:1)
  51 orcs
  2 bat skeletons
  16 goblins
  13 hobgoblins
  4 jackals (D:5)
  22 kobolds
  6 quokkas
  20 bats
  7 giant cockroaches
  A giant gecko zombie (D:6)
  6 giant newts
  A jackal zombie (D:6)
  15 rats
  2 ballistomycetes (D:9)
  A fungus (D:9)
  A plant (D:9)
381 creatures vanquished.

Vanquished Creatures (others)
  A hill giant (D:10)
  The ghost of abixa the Cleaver, an experienced HOBe of Trog (D:6)
  A black mamba (Lair:1)
  A spiny frog (Lair:1)
  7 yaks
  A trapdoor spider (D:6)
  An ogre (D:5)
  A killer bee (D:9)
  An orc priest (D:12)
  An orc wizard (D:12)
  A hound (Lair:1)
  Natasha (D:4)
  A white imp (D:12)
  2 ufetubi (D:12)
  A giant gecko (D:4)
  3 orcs (D:12)
  A bat (D:9)
  A giant spore (D:9)
  A kobold (D:4)
  2 fungi (Lair:2)
  A plant (Lair:2)
31 creatures vanquished.

Grand Total: 412 creatures vanquished

Notes
Turn   | Place    | Note
--------------------------------------------------------------
     0 | Abyss:1  | Hellisa, the Demonspawn Abyssal Knight, began the quest for the Orb.
     0 | Abyss:1  | Reached XP level 1. HP: 18/18 MP: 1/1
    42 | Abyss:1  | Found a corrupted altar of Lugonu.
    50 | D:1      | Escaped the Abyss
   385 | D:1      | Gained mutation: You are partially covered in yellow scales (AC +2). [demonic ancestry]
   385 | D:1      | Reached XP level 2. HP: 24/24 MP: 1/3
   613 | D:1      | Acquired Lugonu's second power
  1345 | D:2      | Reached XP level 3. HP: 29/29 MP: 5/5
  1360 | D:2      | Reached skill level 4 in Invocations
  1637 | D:2      | Reached skill level 1 in Maces & Flails
  1865 | D:2      | Found a glowing silver altar of Zin.
  2310 | D:2      | Reached XP level 4. HP: 31/35 MP: 7/7
  2477 | D:2      | Reached skill level 5 in Invocations
  2822 | D:3      | Noticed Terence
  2838 | D:3      | Killed Terence
  2838 | D:3      | Gained mutation: You are mostly covered in yellow scales (AC +3). [demonic ancestry]
  2838 | D:3      | Reached XP level 5. HP: 39/41 MP: 10/10
  2923 | D:3      | Acquired Lugonu's third power
  3024 | D:3      | Found a shimmering altar of Xom.
  3920 | D:4      | Noticed Eustachio
  4191 | D:4      | Banished Eustachio
  4191 | D:4      | Reached skill level 6 in Invocations
  4191 | D:4      | Gained mutation: You are partially covered in sharp spines. [demonic ancestry]
  4191 | D:4      | Reached XP level 6. HP: 47/47 MP: 11/13
  4265 | D:4      | Noticed a slave
  4266 | D:4      | Noticed a slave
  4266 | D:4      | Noticed a slave
  4266 | D:4      | Noticed a slave
  4267 | D:4      | Noticed Pikel
  4270 | D:4      | Banished Pikel
  4270 | D:4      | Reached skill level 7 in Invocations
  4443 | D:4      | Noticed Natasha
  4461 | D:4      | Killed Natasha
  4461 | D:4      | Gained mutation: You are mostly covered in sharp spines. [demonic ancestry]
  4461 | D:4      | Reached XP level 7. HP: 46/52 MP: 17/17
  4507 | D:4      | Noticed an ogre
  4513 | D:4      | Killed an ogre
  4671 | D:4      | Killed Natasha
  4710 | D:4      | Noticed Duvessa
  4710 | D:4      | Noticed Dowan
  4726 | D:4      | Killed Duvessa
  4726 | D:4      | Reached skill level 8 in Invocations
  4742 | D:4      | Killed Dowan
  4742 | D:4      | Reached skill level 5 in Polearms
  5086 | D:4      | Noticed a phantom
  5104 | D:4      | Killed a phantom
  5645 | D:4      | Noticed Natasha
  5649 | D:4      | Killed Natasha
  5712 | D:5      | Entered Level 5 of the Dungeon
  5962 | D:5      | Reached skill level 9 in Invocations
  5962 | D:5      | Gained mutation: Your flesh is cold resistant. [demonic ancestry]
  5962 | D:5      | Reached XP level 8. HP: 22/58 MP: 20/20
  6629 | D:5      | Found a burning altar of Makhleb.
  6825 | D:5      | Acquired Lugonu's fourth power
  7077 | D:5      | Reached skill level 10 in Invocations
  7522 | D:5      | Found a staircase to the Ecumenical Temple.
  7875 | Temple   | Entered the Ecumenical Temple
  8580 | D:6      | Found a glowing golden altar of the Shining One.
  8617 | D:6      | Gained mutation: You evolve. [potion of mutation]
  8617 | D:6      | Lost mutation: You evolve. [potion of mutation]
  8617 | D:6      | Gained mutation: You have large cloven feet. [potion of mutation]
  9027 | D:6      | Reached skill level 11 in Invocations
  9127 | D:6      | Gained mutation: You have a pair of small antennae on your head. [demonic ancestry]
  9127 | D:6      | Reached XP level 9. HP: 51/63 MP: 17/23
  9416 | D:6      | Gained mutation: Your mind is acute. (Int +2) [potion of mutation]
  9416 | D:6      | Gained mutation: Your system is resistant to poisons. [potion of mutation]
  9416 | D:6      | Lost mutation: Your system is resistant to poisons. [potion of mutation]
  9456 | D:6      | Noticed abixa's ghost (experienced HOBe)
  9457 | D:6      | Banished abixa's ghost
  9942 | D:7      | Reached skill level 12 in Invocations
 10281 | D:7      | Acquired Lugonu's fifth power
 11310 | D:7      | Reached skill level 13 in Invocations
 11659 | D:8      | Noticed Erolcha
 11664 | D:8      | Paralysed by Erolcha for 6 turns
 11978 | D:8      | Gained mutation: You have a pair of antennae on your head. [demonic ancestry]
 11978 | D:8      | Reached XP level 10. HP: 55/70 MP: 22/26
 12516 | D:8      | Noticed Edmund
 12532 | D:8      | Killed Edmund
 12650 | D:8      | Paralysed by something for 5 turns
 12663 | D:8      | Banished Erolcha
 12663 | D:8      | Reached skill level 1 in Shields
 13591 | D:9      | Found a staircase to the Lair.
 13734 | D:9      | Got a pair of ichor-stained gloves
 13745 | D:9      | Identified the +1 pair of gloves of Schamp {Stlth+} (You found it on level 9 of the Dungeon)
 13794 | D:9      | Found an ancient bone altar of Kikubaaqudgha.
 13811 | D:9      | Found an opulent altar of Gozag.
 14402 | D:9      | Found a radiant altar of Vehumet.
 14655 | Lair:1   | Entered Level 1 of the Lair of Beasts
 14715 | Lair:1   | Reached skill level 10 in Polearms
 14722 | Lair:1   | Got a fine leather armour
 14733 | Lair:1   | Identified the cursed +0 leather armour of Wisev {rF+ MP+9 Str+4 Slay-5} (You found it on level 1 of the Lair of Beasts)
 15351 | Lair:1   | Noticed a black mamba
 15352 | Lair:1   | Banished a black mamba
 15438 | Lair:1   | Noticed Joseph
 15459 | Lair:1   | Killed Joseph
 16088 | Lair:2   | Noticed a death yak
 16089 | Lair:2   | Noticed a death yak
 16128 | D:10     | Entered Level 10 of the Dungeon
 16470 | D:10     | Gained mutation: Your magical and physical power is slightly enhanced at high health. [demonic ancestry]
 16470 | D:10     | Reached XP level 11. HP: 70/78 MP: 24/27
 16487 | D:10     | Noticed a hill giant
 16488 | D:10     | Banished a hill giant
 16651 | D:10     | Gained mutation: You have hoof-like feet. [potion of mutation]
 16651 | D:10     | Gained mutation: Your body is slowly deteriorating. [potion of mutation]
 16651 | D:10     | Gained mutation: Scrolls take you a little longer to read. [potion of mutation]
 16652 | D:10     | Lost mutation: Your body is slowly deteriorating. [potion of cure mutation]
 16652 | D:10     | Lost mutation: Your mind is acute. (Int +2) [potion of cure mutation]
 16652 | D:10     | Lost mutation: Scrolls take you a little longer to read. [potion of cure mutation]
 16652 | D:10     | Lost mutation: You have hoof-like feet. [potion of cure mutation]
 16652 | D:10     | Lost mutation: You have large cloven feet. [potion of cure mutation]
 16817 | D:11     | Found Thraliason's Armour Shop.
 16896 | D:11     | Reached skill level 5 in Fighting
 17198 | D:11     | Found a frozen archway.
 17306 | IceCv    | Entered an ice cave
 18002 | D:11     | Noticed a hill giant
 18015 | D:11     | Killed a hill giant
 18880 | D:12     | Killed an unseen horror
 18880 | D:12     | Reached skill level 5 in Armour
 19746 | D:12     | Corrupted D:12
 19746 | D:12     | Noticed a lich
 19746 | D:12     | Noticed a bone dragon
 19746 | D:12     | Noticed a wizard
 19819 | D:12     | Noticed a cacodemon
 19832 | D:12     | Noticed a hill giant
 19842 | D:12     | Killed a hill giant
 19862 | D:12     | Noticed a bone dragon
 20036 | D:12     | Noticed Erica
 20104 | D:12     | Banished Erica
 20376 | D:12     | Found a staircase to the Orcish Mines.
 20820 | Lair:2   | Killed a death yak
 20820 | Lair:2   | Reached skill level 5 in Shields
 21058 | Lair:2   | Noticed a death yak
 21059 | Lair:2   | Noticed a death yak
 21059 | Lair:2   | Noticed a death yak
 21097 | Lair:1   | Killed a death yak
 21097 | Lair:1   | Gained mutation: You have a pair of large antennae on your head (SInv). [demonic ancestry]
 21097 | Lair:1   | Reached XP level 12. HP: 60/89 MP: 17/28
 21435 | Lair:2   | Noticed dysrexia's ghost (experienced FeCj)
 21454 | Lair:2   | Killed dysrexia's ghost
 21627 | Lair:2   | Noticed Gastronok
 21634 | Lair:2   | Banished Gastronok
 22628 | Lair:2   | Noticed a death yak
 22672 | Lair:1   | Killed a death yak
 22900 | Lair:1   | Killed a death yak
 23166 | Lair:2   | Killed a death yak
 23187 | Lair:2   | Slain by a death yak

Action                   |  1- 3 |  4- 6 |  7- 9 | 10-12 || total
-------------------------+-------+-------+-------+-------++-------
Melee: Spear             |    40 |       |       |       ||    40
       Mace              |    81 |    24 |       |       ||   105
       Trident           |       |   169 |   732 |  1151 ||  2052
 Fire: Hunting sling     |       |       |     3 |       ||     3
       Blowgun           |       |       |     9 |    23 ||    32
Throw: Stone             |    39 |       |     1 |       ||    40
Invok: Banish            |       |     4 |     4 |    13 ||    21
       Corrupt           |       |       |       |     1 ||     1
  Use: Scroll            |       |     6 |    10 |     1 ||    17
       Potion            |       |       |     6 |     6 ||    12
  Eat: Chunk             |     3 |     6 |    12 |    26 ||    47
       Fruit             |       |     1 |       |       ||     1
       Royal jelly       |       |     1 |       |       ||     1
       Bread ration      |       |       |     3 |     3 ||     6
       Meat ration       |       |       |       |     1 ||     1
